 Dungeon Crawl Stone Soup version 0.23-a0-404-g0063841 (webtiles) character file.

2756566 Charly the Missionary (level 27, 170/268 (270) HPs)
             Began as a Hill Orc Monk on Nov 4, 2018.
             Was a Priest of Beogh.
             Escaped with the Orb
             ... and 5 runes on Nov 5, 2018!
             The game lasted 09:14:23 (88928 turns).

Charly the Missionary (Hill Orc Monk)              Turns: 88928, Time: 09:14:23

HP:   170/268 (270) AC: 39    Str: 40    XL:     27
MP:   26/40         EV: 36    Int: 10    God:    Beogh [***...]
Gold: 2474          SH: 30    Dex: 31    Spells: 26/26 levels left

rFire    + + +     SeeInvis .   b - +6 broad axe (elec)
rCold    + . .     Gourm    .   r - +0 large shield
rNeg     . . .     Faith    .   q - +8 fire dragon scales
rPois    +         Spirit   +   c - +2 hat {MR+}
rElec    +         Reflect  .   T - +1 cloak {MR+}
rCorr    +         Harm     .   E - +2 pair of gloves {Dex+3}
MR       ++++.                  O - +2 pair of boots {run}
Stlth    +.........             g - amulet of Ohised {Spirit Str+3}
HPRegen  0.54/turn              l - ring "Micwuj" {rCorr rElec Dex+8}
MPRegen  0.27/turn              J - ring of Attitude {rC+ Str+5 Slay+1}

@: mighty, agile, resistant, quick
A: thin metallic scales 1, thin skeletal structure 1, blink
0: Orb of Zot
}: 5/15 runes: decaying, serpentine, slimy, silver, abyssal
a: Blink, Smiting, Renounce Religion


You escaped.
You worshipped Beogh.
Beogh was most pleased with you.
You were full.

You visited 11 branches of the dungeon, and saw 57 of its levels.
You visited the Abyss 1 time.
You also visited: Labyrinth, Ice Cave, Wizlab and Desolation.

You collected 8808 gold pieces.
You spent 6334 gold pieces at shops.

Inventory:

Hand Weapons
 a - a +9 vampiric broad axe
 b - a +6 broad axe of electrocution (weapon)
 f - a +3 glaive of distortion
 h - a +1 glaive of flaming
 M - the cursed +13 scythe of Curses {drain, *Curse}
   (You took it off a deep elf death mage on level 3 of the Elven Halls)

   A truly terrible weapon, it drains the life of those it strikes.
   It curses itself when equipped.
   It has a curse placed upon it.
Armour
 c - a +2 hat of magic resistance (worn)
 k - +0 gold dragon scales
 q - +8 fire dragon scales (worn)
 r - a +0 large shield (worn)
 y - a scarf of resistance
 z - +0 gold dragon scales
 E - a +2 pair of gloves of dexterity (worn)
 O - a +2 pair of boots of running (worn)
 T - a +1 cloak of magic resistance (worn)
 V - the +4 dragonskin cloak
   (You took it off Tiamat on level 4 of the Realm of Zot)
 X - +0 gold dragon scales
Jewellery
 g - the amulet of Ohised (around neck) {Spirit Str+3}
   (You found it on level 5 of the Vaults)

   [amulet of guardian spirit]

   It causes incoming damage to be split between your health and magic.
   It affects your strength (+3).
 i - an uncursed ring of see invisible
 l - the ring "Micwuj" (left hand) {rCorr rElec Dex+8}
   (You found it in the Desolation of Salt)

   [ring of resist corrosion]

   It affects your dexterity (+8).
   It insulates you from electricity.
 m - a ring "Doitus" {Wiz +Inv MR+ Stlth-}
   (You found it on level 5 of the Vaults)

   [ring of wizardry]

   It improves your spell success rate.
   It affects your resistance to hostile enchantments.
   It lets you turn invisible.
   It makes you less stealthy.
 n - an uncursed ring of positive energy
 p - a ring of Baokisa {Wiz rPois}
   (You found it on level 3 of the Elven Halls)

   [ring of wizardry]

   It improves your spell success rate.
   It protects you from poison.
 C - the amulet of Momianki {+Rage +Inv rC+++}
   (You found it on level 3 of the Realm of Zot)

   [amulet of rage]

   It renders you almost immune to cold.
   It lets you turn invisible.
   It lets you go berserk.
 J - the ring of Attitude (right hand) {rC+ Str+5 Slay+1}
   (You found it on level 5 of the Vaults)

   [ring of slaying]

   It affects your strength (+5).
   It affects your accuracy and damage with ranged weapons and melee attacks
   (+1).
   It protects you from cold.
 N - the amulet of Disaster {+Fly rN+ Regen+ Int+4 Dex+2}
   (You took it off a deep elf sorcerer on level 3 of the Elven Halls)

   [amulet of regeneration]

   It affects your intelligence (+4).
   It affects your dexterity (+2).
   It protects you from negative energy.
   It lets you fly.
   It increases your rate of regeneration.
Wands
 s - a wand of enslavement (7)
 v - a wand of iceblast (6)
 K - a wand of digging (15)
Scrolls
 e - 28 scrolls of remove curse
 t - 5 scrolls of silence
 u - 15 scrolls of fog
 w - 3 scrolls of immolation
 x - 3 scrolls of blinking
 G - 4 scrolls of summoning
 Q - 35 scrolls of teleportation
 Y - 9 scrolls of fear
 Z - 6 scrolls of holy word
Potions
 d - a potion of haste
 j - 4 potions of agility
 o - 15 potions of curing
 B - 5 potions of cancellation
 D - 3 potions of resistance
 H - 3 potions of ambrosia
 I - 14 potions of heal wounds
 L - 10 potions of berserk rage
 P - 5 potions of magic
 S - 2 potions of mutation
 U - 3 potions of might
Miscellaneous
 W - 3 phantom mirrors
Comestibles
 F - 49 rations


   Skills:
 + Level 26.5 Fighting
 - Level 18.0 Axes
 + Level 23.6 Armour
 + Level 17.7 Dodging
 - Level 1.5 Stealth
 + Level 24.4 Shields
 O Level 27 Invocations
 - Level 6.0 Evocations


You had 26 spell levels left.
You didn't know any spells.
Your spell library contained the following spells:

 Spells                   Type           Power        Failure   Level  Hunger
 Animate Skeleton         Necr           N/A          50%         1    ##.....
 Apportation              Tloc           #.....       50%         1    ##.....
 Confusing Touch          Hex            #.....       50%         1    ##.....
 Flame Tongue             Conj/Fire      #....        50%         1    ##.....
 Freeze                   Ice            #...         50%         1    ##.....
 Infusion                 Chrm           #...         50%         1    ##.....
 Magic Dart               Conj           #...         50%         1    ##.....
 Sandblast                Erth           #.....       50%         1    ##.....
 Shock                    Conj/Air       #...         50%         1    ##.....
 Sting                    Conj/Pois      #...         50%         1    ##.....
 Summon Butterflies       Summ           #.......     50%         1    ##.....
 Summon Small Mammal      Summ           #...         50%         1    ##.....
 Blink                    Tloc           N/A          65%         2    ###....
 Call Imp                 Summ           #.......     65%         2    ###....
 Corpse Rot               Necr           N/A          65%         2    ###....
 Passwall                 Tmut/Erth      #.......     65%         2    ###....
 Poisonous Vapours        Pois/Air       #.....       65%         2    ###....
 Shroud of Golubria       Chrm/Tloc      #.........   65%         2    ###....
 Slow                     Hex            #.......     65%         2    ###....
 Song of Slaying          Chrm           #.......     65%         2    ###....
 Sublimation of Blood     Necr           #.........   65%         2    ###....
 Swiftness                Chrm/Air       #.......     65%         2    ###....
 Throw Flame              Conj/Fire      #.....       65%         2    ###....
 Throw Frost              Conj/Ice       #.....       65%         2    ###....
 Call Canine Familiar     Summ           #.......     86%         3    ####...
 Confuse                  Hex            #.......     86%         3    ####...
 Conjure Flame            Conj/Fire      #.......     86%         3    ####...
 Gell's Gravitas          Tloc           #.........   86%         3    ####...
 Ignite Poison            Fire/Tmut/Pois #.......     86%         3    ####...
 Inner Flame              Hex/Fire       #.......     86%         3    ####...
 Lesser Beckoning         Tloc           #.........   86%         3    ####...
 Mephitic Cloud           Conj/Pois/Air  #.......     86%         3    ####...
 Ozocubu's Armour         Chrm/Ice       #.......     86%         3    ####...
 Regeneration             Chrm/Necr      #.........   86%         3    ####...
 Spectral Weapon          Hex/Chrm       #.......     86%         3    ####...
 Static Discharge         Conj/Air       #.......     86%         3    ####...
 Stone Arrow              Conj/Erth      #.....       86%         3    ####...
 Summon Guardian Golem    Hex/Summ       #.......     86%         3    ####...
 Teleport Other           Tloc           #.......     86%         3    ####...
 Tukima's Dance           Hex            #.......     86%         3    ####...
 Vampiric Draining        Necr           #.........   86%         3    ####...
 Airstrike                Air            #.........   99%         4    #####..
 Animate Dead             Necr           N/A          99%         4    #####..
 Cause Fear               Hex            #.........   99%         4    #####..
 Ice Form                 Ice/Tmut       #.......     99%         4    #####..
 Leda's Liquefaction      Hex/Erth       #.........   99%         4    #####..
 Olgreb's Toxic Radiance  Pois           #.......     99%         4    #####..
 Petrify                  Tmut/Erth      #.......     99%         4    #####..
 Sticky Flame             Conj/Fire      #.......     99%         4    #####..
 Summon Ice Beast         Ice/Summ       #.......     99%         4    #####..
 Summon Lightning Spire   Summ/Air       #.......     99%         4    #####..
 Throw Icicle             Conj/Ice       #.......     99%         4    #####..
 Agony                    Necr           #.......     100%        5    ######.
 Alistair's Intoxication  Tmut/Pois      #.......     100%        5    ######.
 Bolt of Draining         Conj/Necr      #.........   100%        5    ######.
 Bolt of Magma            Conj/Fire/Erth #.........   100%        5    ######.
 Borgnjor's Vile Clutch   Necr/Erth      #.........   100%        5    ######.
 Dispel Undead            Necr           #.......     100%        5    ######.
 Excruciating Wounds      Chrm/Necr      #.........   100%        5    ######.
 Fireball                 Conj/Fire      #.........   100%        5    ######.
 Irradiate                Conj/Tmut      #.........   100%        5    ######.
 Lee's Rapid Deconstruct  Erth           #.........   100%        5    ######.
 Lightning Bolt           Conj/Air       #.........   100%        5    ######.
 Metabolic Englaciation   Hex/Ice        #.........   100%        5    ######.
 Silence                  Hex/Air        #.........   100%        5    ######.
 Summon Forest            Summ/Tloc      #.........   100%        5    ######.
 Summon Mana Viper        Hex/Summ       #.......     100%        5    ######.
 Venom Bolt               Conj/Pois      #.........   100%        5    ######.
 Yara's Violent Unravell  Hex/Tmut       #.........   100%        5    ######.
 Bolt of Cold             Conj/Ice       #.........   100%        6    #######
 Bolt of Fire             Conj/Fire      #.........   100%        6    #######
 Conjure Ball Lightning   Conj/Air       #.........   100%        6    #######
 Death Channel            Necr           #.........   100%        6    #######
 Deflect Missiles         Chrm/Air       #.........   100%        6    #######
 Freezing Cloud           Conj/Ice/Air   #.........   100%        6    #######
 Hydra Form               Tmut           #.........   100%        6    #######
 Invisibility             Hex            #.......     100%        6    #######
 Iron Shot                Conj/Erth      #.........   100%        6    #######
 Ozocubu's Refrigeration  Ice            #.........   100%        6    #######
 Simulacrum               Ice/Necr       #.........   100%        6    #######
 Statue Form              Tmut/Erth      #........    100%        6    #######
 Dragon Form              Tmut           #.........   100%        7    #######
 Ring of Flames           Chrm/Fire      #.........   100%        7    #######
 Summon Hydra             Summ           #.........   100%        7    #######
 Discord                  Hex            #.........   100%        8    #######
 Ignition                 Fire           #.........   100%        8    #######
 Shatter                  Erth           #.........   100%        9    #######
 Tornado                  Air            #.........   100%        9    #######
 Passage of Golubria      Tloc           Unusable     N/A         4    N/A

Dungeon Overview and Level Annotations

Branches:
Dungeon (15/15)            Temple (0/1) D:5            Lair (6/6) D:9
  Swamp (4/4) Lair:4        Snake (4/4) Lair:3        Slime (5/5) Lair:5
    Orc (2/2) D:9             Elf (3/3) Orc:2        Vaults (5/5) D:14
  Crypt (3/3) Vaults:2       Tomb (0/3) Crypt:3      Depths (5/5) D:15
    Zot (5/5) Depths:5

Altars:
Ashenzari
Cheibriados
Makhleb
Okawaru
Ru
Vehumet
Yredelemnul
Zin
Jiyva

Shops:
D:7 %   D:10 %   D:13 *   Orc:2 ?[[%   Snake:1 (   Snake:2 *   Snake:4 (=*
Vaults:1 (   Vaults:3 *   Vaults:4 %   Depths:2 %*

Portals:
Hell: Depths:1 Depths:2 Depths:3 Depths:4 Depths:5
Abyss: Depths:4 Depths:5
Pandemonium: Depths:3 Depths:5
Ziggurat: Depths:1
Trove: Elf:2 (give 9 potions of haste)

Annotations:
Elf:1 3 runed doors, Xautriesk's ghost, adept SpEn
Elf:3 1 exclusion
Depths:4 Frederick


Innate Abilities, Weirdness & Mutations

You are partially covered in thin metallic scales. (AC +2)
You have a somewhat thin skeletal structure. (Dex +2, Stealth)
You can translocate small distances at will.


Message History

The Tzitzimitl is severely wounded.
The Tzitzimitl calls on the powers of darkness!
Your body is wracked with pain!
Aiming: Smiting
Press: ? - help, Dir - move target cursor, f/p - Tzitzimitl Smite: a Tzitzimitl (severely wounded)
You smite the Tzitzimitl!
You kill the Tzitzimitl!
Beogh accepts your kill.
You feel yourself speed up.
You feel protected.
You feel agile all of a sudden.
You feel very mighty all of a sudden.
A green death comes into view.
Your extra speed is starting to run out.
Why would you want to do that?
Unknown command.
You feel yourself slow down.
There is a staircase leading out of the dungeon here.
You have escaped!

###.#######.# #.# #
##...).##.##.# #.####
#.#8≈8#.#.##.# #.....
#.#≈≈≈#.#.##.# #.####
#.#8≈8#.#....# #.###.
#.#≈≈≈#†#.#### #.....
#.#8≈8#.#.######.###.
##.....##........# ##
##.@.############
#####


There were no monsters in sight!

Vanquished Creatures
  the Royal Jelly (Slime:5)
  Tiamat (Zot:4)
  6 ancient liches (Zot:5)
  Mennas (Vaults:4)
  Mara (Crypt:3)
  7 orbs of fire
  A juggernaut (Depths:3)
  Sojobo (Vaults:4)
  Xtahua (Crypt:1)
  3 curse toes
  2 caustic shrikes (Depths:4)
  Vashnia (Snake:4)
  2 Killer Klowns (Zot:5)
  8 golden dragons
  Nikola (Snake:1)
  2 electric golems (Zot:5)
  2 bone dragons
  A Tzitzimitl (D:1)
  8 liches
  10 tentacled monstrosities
  25 Orb Guardians
  5 titans (Vaults:5)
  13 acid blobs
  3 deep elf blademasters
  3 quicksilver dragons
  2 deep elf master archers (Elf:3)
  3 ancient champions
  3 death cobs
  4 sphinxes
  Kirke (D:12)
  5 tengu reavers
  A thorn hunter (Swamp:2)
  9 shadow dragons
  9 storm dragons
  7 fire giants
  8 nagarajas
  5 revenants
  3 azure jellies
  5 draconian monks
  8 draconian knights
  9 deep elf sorcerers
  11 vault wardens
  2 iron dragons
  2 ghost moths
  4 frost giants
  4 imperial myrmidons (Desolation)
  2 deep elf elementalists (Vaults:5)
  4 curse skulls
  An orc warlord (Vaults:5)
  A draconian stormcaller (Zot:3)
  12 ghouls
  7 draconian scorchers
  A spriggan defender (Depths:3)
  4 draconian shifters
  2 war gargoyles
  8 ironheart preservers
  7 draconian annihilators
  11 green draconians
  13 stone giants
  4 very ugly things
  6 deep elf demonologists
  14 black draconians
  7 purple draconians
  15 vampire knights
  5 red draconians
  7 white draconians
  4 yellow draconians
  A minotaur (Lab)
  2 spark wasps
  9 deep elf annihilators
  4 crystal guardians
  7 ettins
  5 eidola
  3 death oozes
  5 deep elf high priests
  A great orb of eyes (shapeshifter) (Abyss:4)
  7 fire dragons
  8 jiangshi
  12 great orbs of eyes
  8 deep elf death magi
  8 ragged hierophants (Desolation)
  12 yaktaur captains
  3 rakshasas
  Harold (D:8)
  5 servants of whispers (Desolation)
  A monstrous demonspawn (D:2)
  7 naga warriors
  6 peacekeepers (Desolation)
  6 centaur warriors
  A shambling mangrove (Swamp:4)
  5 spriggan air magi
  25 vault guards
  2 ghost crabs (Swamp:4)
  19 hydras
  6 ice dragons
  A spectral fire giant (Crypt:3)
  A catoblepas (shapeshifter) (Elf:1)
  2 anacondas (Snake:3)
  11 alligators
  A tengu warrior (D:13)
  18 dancing weapons
  A catoblepas (Depths:1)
  15 two-headed ogres
  4 death knights
  3 deep troll shamans
  An alligator snapping turtle (shapeshifter) (Depths:5)
  An ogre mage (Vaults:1)
  A spectral frost giant (Crypt:3)
  4 thrashing horrors (Abyss:4)
  5 vampire magi
  3 death yaks
  6 spriggan berserkers
  A titan zombie (Crypt:2)
  2 deep troll earth magi
  14 naga sharpshooters
  A soul eater (Crypt:2)
  2 hell knights
  Sonja (Lair:2)
  A wretched star (Abyss:4)
  14 deep elf knights
  2 small abominations
  A salamander mystic (Snake:4)
  16 shadow wraiths
  2 spectral emperor scorpions (Crypt:3)
  A fire crab (shapeshifter) (Abyss:4)
  A golden dragon zombie (Crypt:1)
  22 skeletal warriors
  8 swamp dragons
  3 sea snakes (Snake:3)
  A shadow demon (Abyss:4)
  A deep troll (shapeshifter) (Vaults:5)
  An unseen horror (shapeshifter) (Vaults:5)
  3 spriggan druids
  7 deep elf archers
  20 ironbrand convokers
  6 naga ritualists
  An anaconda zombie (Crypt:1)
  3 glowing orange brains
  4 flayed ghosts
  12 unseen horrors
  A swamp dragon (shapeshifter) (D:15)
  An anaconda skeleton (Crypt:1)
  4 lindwurms
  11 deep trolls
  21 phantasmal warriors
  3 necromancers
  2 wizards
  A harpy (shapeshifter) (Depths:2)
  53 deep elf magi
  3 orc knights
  A stone giant zombie (Crypt:1)
  22 ugly things
  2 wolf spiders
  6 mana vipers
  A spectral alligator (Crypt:3)
  6 orc sorcerers
  8 salamanders
  4 shining eyes
  3 cyclopes
  6 large abominations
  22 black mambas
  An oklob plant (Lair:1)
  16 naga magi
  A stone giant skeleton (Crypt:1)
  9 elephants
  A guardian serpent (shapeshifter) (Abyss:4)
  An eye of devastation (Slime:5)
  Joseph (D:7)
  20 moths of wrath
  An ice statue (IceCv)
  6 guardian serpents
  A molten gargoyle (Desolation)
  A titan simulacrum (Crypt:1)
  A rust devil (Abyss:4)
  11 vault sentinels
  A torpor snail (Lair:6)
  4 gargoyles
  An orange demon (D:11)
  A smoke demon (Zot:1)
  2 centaur skeletons
  A hellion (D:11)
  15 spiny frogs
  A yaktaur (shapeshifter) (Depths:4)
  A catoblepas zombie (Crypt:2)
  39 yaktaurs
  A spriggan zombie (Depths:2)
  2 rime drakes (Lair:2)
  An ancient zyme (Abyss:4)
  A tormentor (Zot:4)
  17 freezing wraiths
  4 komodo dragons
  A guardian mummy (Crypt:3)
  2 hellwings (Zot:1)
  A tyrant leech (shapeshifter) (Abyss:4)
  10 tyrant leeches
  9 trolls
  A hornet (shapeshifter) (Vaults:3)
  A polar bear (D:8)
  A tengu conjurer (D:13)
  11 hornets
  73 slime creatures
  A wolf spider simulacrum (IceCv)
  58 saltlings (Desolation)
  A harpy skeleton (Crypt:3)
  A sphinx simulacrum (Vaults:3)
  Grinder (D:6)
  A hippogriff (shapeshifter) (Vaults:5)
  8 dream sheep
  12 bog bodies
  5 hippogriffs
  7 blink frogs
  An alligator zombie (Crypt:3)
  A snapping turtle (Snake:2)
  An ettin zombie (Depths:2)
  A meliai zombie (D:9)
  7 flying skulls (Crypt:3)
  14 wraiths
  4 vampires
  A black mamba zombie (Crypt:3)
  11 shadows
  4 air elementals
  5 redbacks (Depths:2)
  5 water elementals
  2 wyverns
  A satyr skeleton (Crypt:2)
  41 yaks
  10 spriggans
  3 fire elementals
  A fire bat (shapeshifter) (D:14)
  2 golden eyes (shapeshifter) (Vaults:5)
  8 golden eyes
  2 basilisks
  3 hogs (shapeshifter)
  A chaos spawn (Abyss:4)
  A wind drake zombie (Crypt:2)
  5 vampire mosquitoes
  A neqoxec (Abyss:4)
  9 hungry ghosts
  17 swamp worms
  44 nagas
  2 two-headed ogre zombies (WizLab)
  A death yak simulacrum (IceCv)
  6 insubstantial wisps
  Duvessa (D:7)
  2 wargs (Vaults:3)
  An acid dragon (D:12)
  3 soldier ants
  A human skeleton (Depths:2)
  2 merfolk skeletons
  12 water moccasins
  3 porcupines
  A floating eye (Depths:4)
  10 orc warriors
  A floating eye (shapeshifter) (Elf:1)
  17 swamp drakes
  7 ice beasts
  An eye of draining (shapeshifter) (Depths:3)
  11 necrophages
  8 eyes of draining
  2 phantoms (D:9)
  2 black bears
  21 ogres
  4 sky beasts
  2 alligator simulacra (IceCv)
  2 wolves
  13 centaurs
  16 boggarts
  An ogre (shapeshifter) (Depths:3)
  7 crocodiles
  A hog skeleton (Crypt:3)
  2 big kobolds
  4 earth elementals
  11 bullfrogs
  A gnoll sergeant (D:5)
  Dowan (D:7)
  A scorpion (shapeshifter) (Vaults:4)
  A warg zombie (Crypt:2)
  6 troll zombies
  2 scorpions
  6 killer bees
  12 wights
  4 electric eels
  6 crimson imps
  A quasit (D:5)
  2 bullfrog zombies (D:12)
  2 centaur zombies
  3 human simulacra
  2 draconian simulacra (IceCv)
  6 hounds
  6 jellies
  10 orc priests
  2 bullfrog skeletons
  20 orc wizards
  4 iguanas
  4 troll simulacra (IceCv)
  6 worker ants
  3 spriggan simulacra (IceCv)
  A bullfrog simulacrum (D:13)
  9 ogre zombies
  2 centaur simulacra (IceCv)
  A hound zombie (D:9)
  An acid dragon skeleton (Crypt:2)
  2 big kobold skeletons
  A hound skeleton (D:8)
  12 mummies (Crypt:3)
  A howler monkey zombie (Crypt:2)
  2 worker ant zombies
  6 gnolls
  A howler monkey skeleton (D:4)
  4 ogre simulacra (IceCv)
  11 adders
  2 hound simulacra (D:9)
  5 naga simulacra (IceCv)
  2 shadow imps
  16 white imps
  8 oozes
  2 adder skeletons
  4 worms (D:2)
  2 dart slugs
  6 leopard geckos
  26 orcs
  3 giant cockroaches
  4 hobgoblins
  19 jackals
  6 quokkas
  6 ball pythons
  8 bats
  A dart slug zombie (Crypt:2)
  3 frilled lizards (D:2)
  A frilled lizard skeleton (Crypt:1)
  12 goblins
  2 goblin skeletons (D:9)
  A goblin zombie (D:9)
  2 hobgoblin skeletons (D:9)
  3 hobgoblin zombies
  11 kobolds
  An orc skeleton (D:9)
  13 orc zombies (D:9)
  9 rats
  A butterfly (Lair:3)
  10 crawling corpses
  3 fungi
  2 lurking horrors (Abyss:4)
  3 plants (Lair:6)
2052 creatures vanquished.

Vanquished Creatures (collateral kills)
  An ancient lich (WizLab)
  A juggernaut (Depths:5)
  Frederick (Depths:4)
  7 caustic shrikes
  A Killer Klown (Zot:4)
  2 golden dragons
  Jory (Crypt:3)
  A bone dragon (Depths:5)
  4 liches
  An electric golem (Zot:1)
  10 tentacled monstrosities
  An Orb Guardian (Zot:5)
  A quicksilver dragon (Depths:3)
  A titan (Depths:5)
  A sphinx (Depths:5)
  2 acid blobs
  Gastronok (D:8)
  A thorn hunter (Swamp:2)
  2 storm dragons
  3 death cobs
  8 shadow dragons
  8 tengu reavers
  3 draconian monks
  2 nagarajas
  10 fire giants
  2 deep elf sorcerers
  4 azure jellies
  4 frost giants
  6 vault wardens
  4 draconian shifters
  2 draconian knights (Zot:4)
  4 draconian scorchers
  6 ghouls
  10 very ugly things
  2 spriggan defenders
  2 draconian stormcallers
  4 ironheart preservers
  A vampire knight (Depths:4)
  5 green draconians
  11 stone giants
  2 black draconians
  An entropy weaver (Vaults:4)
  2 deep elf demonologists
  5 purple draconians
  4 white draconians
  4 yellow draconians
  A dire elephant (Lair:6)
  4 red draconians
  2 ettins
  A large abomination (Vaults:5)
  5 spark wasps
  A deep elf death mage (Vaults:1)
  A merfolk javelineer (Depths:4)
  A jiangshi (Crypt:1)
  2 death oozes (Slime:5)
  A crystal guardian (Vaults:4)
  A merfolk impaler (Depths:4)
  6 fire dragons
  A ragged hierophant (Desolation)
  14 yaktaur captains
  7 great orbs of eyes
  5 vault guards
  Fannar (Lair:3)
  5 hydras
  3 rakshasas
  A shambling mangrove (Swamp:2)
  9 centaur warriors
  A peacekeeper (Desolation)
  A servant of whispers (Desolation)
  8 ice dragons
  10 naga warriors
  5 anacondas
  3 spriggan air magi (Depths:3)
  3 death knights
  2 catoblepae
  17 two-headed ogres
  3 alligators (Swamp:2)
  10 dancing weapons (Elf:2)
  9 ogre magi
  2 tengu warriors (Depths:4)
  3 vampire magi (Depths:3)
  2 death yaks (Lair:6)
  6 naga sharpshooters
  3 spriggan berserkers
  5 deep troll shamans
  9 deep troll earth magi
  4 deep elf knights
  A soul eater (Crypt:3)
  2 shock serpents (Snake:4)
  A fire crab (shapeshifter) (Depths:4)
  An iron troll (Depths:5)
  4 skeletal warriors
  A salamander mystic (Snake:4)
  2 hell knights
  A shadow wraith (Vaults:4)
  An obsidian statue (Vaults:1)
  2 glowing orange brains
  18 deep trolls
  2 wizards
  3 naga ritualists (Snake:4)
  3 flayed ghosts
  An unseen horror (D:12)
  A lindwurm (shapeshifter) (Vaults:5)
  7 phantasmal warriors
  3 deep elf archers
  An ironbrand convoker (Vaults:3)
  15 ugly things
  5 mana vipers
  8 orc knights
  A harpy (shapeshifter) (Depths:2)
  A shining eye (Slime:5)
  An iron dragon zombie (Depths:2)
  2 salamanders
  2 orc sorcerers (Orc:2)
  7 deep elf magi
  4 cyclopes
  An orb spider (shapeshifter) (D:15)
  A manticore (D:14)
  A moth of wrath (Zot:3)
  17 black mambas
  2 centaur zombies
  A guardian serpent (Snake:4)
  8 elephants
  14 naga magi
  4 vault sentinels
  3 centaur skeletons
  2 gargoyles (D:11)
  A spriggan skeleton (Depths:2)
  3 spiny frogs (Lair:6)
  An efreet (D:14)
  A rime drake (Lair:4)
  27 yaktaurs
  3 komodo dragons
  9 freezing wraiths
  An ancient zyme (Abyss:4)
  A tengu conjurer (Depths:4)
  6 trolls
  A meliai (shapeshifter) (D:15)
  2 polar bears
  6 hornets
  A polar bear (shapeshifter) (Vaults:2)
  5 blink frogs
  A slime creature (shapeshifter) (Depths:3)
  A saltling (Desolation)
  29 slime creatures
  A raiju (shapeshifter) (D:14)
  11 hippogriffs
  2 snapping turtles (shapeshifter)
  6 dream sheep
  A centaur simulacrum (D:15)
  2 flying skulls (Crypt:3)
  A spriggan (shapeshifter) (Depths:1)
  A shadow (Crypt:3)
  3 redbacks (Depths:2)
  23 yaks
  2 wyverns
  2 vampires
  11 water elementals
  A golden eye (shapeshifter) (Vaults:4)
  6 golden eyes (Slime:1)
  2 wraiths
  A basilisk (Lair:2)
  A steam dragon (D:11)
  5 hungry ghosts
  A naga (shapeshifter) (D:15)
  3 wargs
  16 nagas
  A warg (shapeshifter) (Vaults:1)
  A soldier ant (D:13)
  The ghost of derval the Magician, an amateur DEIE (D:4)
  A floating eye (Depths:3)
  4 water moccasins
  3 porcupines
  12 orc warriors
  A black bear (D:12)
  2 ice beasts (D:11)
  5 sky beasts
  2 eyes of draining
  8 ogres
  3 phantoms
  A necrophage (Crypt:1)
  3 wolves (Lair:6)
  7 boggarts
  2 crocodiles (Lair:6)
  12 centaurs
  6 bullfrogs
  6 earth elementals (Depths:1)
  A komodo dragon skeleton (Crypt:3)
  2 scorpions (D:11)
  2 troll zombies (WizLab)
  An electric eel (D:9)
  3 wights
  3 crimson imps
  A bullfrog zombie (D:11)
  3 hounds (D:11)
  2 bullfrog skeletons
  An orc priest (D:11)
  4 iguanas
  6 orc wizards
  3 worker ants
  A killer bee zombie (D:9)
  An ogre zombie (WizLab)
  A hound zombie (D:12)
  A hound skeleton (Crypt:1)
  2 adders
  A shadow imp (D:11)
  An ooze (D:10)
  13 orcs
  A quokka (D:11)
  A goblin zombie (D:9)
  2 orc skeletons (D:9)
  An orc zombie (D:9)
  2 bushes (Lair:6)
  8 fungi
  4 plants
846 creatures vanquished.

Vanquished Creatures (others)
  6 orc warlords
  A frost giant (Vaults:5)
  A draconian knight (Zot:5)
  A deep elf sorcerer (Elf:3)
  A red draconian (Zot:4)
  A vault guard (Vaults:5)
  26 orc knights
  8 orc sorcerers
  6 orc high priests
  A deep elf knight (Elf:3)
  A spriggan druid (Swamp:4)
  A swamp dragon (Swamp:4)
  A deep elf archer (Elf:2)
  A deep elf mage (Elf:3)
  A moth of wrath (Zot:5)
  A yaktaur (Depths:4)
  A shadow (D:13)
  A human (D:12)
  A warg (Vaults:5)
  29 orc warriors
  33 orc priests
  34 orc wizards
  2 gnolls (D:3)
  An adder (D:11)
  60 orcs
  A giant cockroach (D:3)
  A bush (Lair:6)
  16 fungi
  13 plants
251 creatures vanquished.

Grand Total: 3149 creatures vanquished

Notes
Turn   | Place    | Note
-------+----------+-------------------------------------------
     0 | D:1      | Charly the Hill Orc Monk began the quest for the Orb.
     0 | D:1      | Reached XP level 1. HP: 19/19 MP: 1/1
   457 | D:1      | Reached XP level 2. HP: 19/26 MP: 2/2
   732 | D:1      | Reached skill level 5 in Axes
  1320 | D:1      | Reached XP level 3. HP: 31/31 MP: 3/3
  1630 | D:2      | Found an iron altar of Okawaru.
  2325 | D:2      | Reached XP level 4. HP: 38/39 MP: 4/4
  3388 | D:3      | Reached XP level 5. HP: 35/46 MP: 5/5
  4251 | D:3      | Became a worshipper of Beogh the Brigand
  4251 | D:3      | Reached * piety under Beogh
  4251 | D:3      | Reached ** piety under Beogh
  4721 | D:2      | Reached skill level 1 in Invocations
  5048 | D:3      | Reached skill level 1 in Armour
  5300 | D:3      | Noticed a necrophage
  5496 | D:4      | Reached skill level 2 in Invocations
  5496 | D:4      | Reached XP level 6. HP: 49/52 MP: 7/7
  5836 | D:4      | Found a runed door.
  5837 | D:4      | Noticed derval's ghost (amateur DEIE)
  6162 | D:4      | Got a steaming silver ring
  6164 | D:4      | Identified the ring "Nopsayts" {*Tele Str+2 Dex+4} (You
                  | found it on level 4 of the Dungeon)
  6349 | D:5      | Entered Level 5 of the Dungeon
  6371 | D:5      | Reached skill level 3 in Invocations
  6915 | D:5      | Noticed an ice beast
  6942 | D:5      | Killed an ice beast
  6942 | D:5      | Reached skill level 4 in Invocations
  6942 | D:5      | Reached XP level 7. HP: 59/59 MP: 5/10
  7170 | D:4      | Reached skill level 5 in Invocations
  7233 | D:5      | Found a staircase to the Ecumenical Temple.
  7332 | D:6      | Noticed Grinder
  7801 | D:6      | Reached skill level 6 in Invocations
  7801 | D:6      | Reached XP level 8. HP: 62/66 MP: 12/12
  7816 | D:6      | Killed Grinder
  7816 | D:6      | Reached skill level 10 in Axes
  8357 | D:7      | Found Sishrob's Food Emporium.
  8379 | D:7      | Reached skill level 7 in Invocations
  8495 | D:7      | Noticed Duvessa
  8548 | D:7      | Killed Duvessa
  8602 | D:7      | Noticed Dowan
  8611 | D:7      | Killed Dowan
  8611 | D:7      | Reached skill level 5 in Fighting
  8650 | D:7      | Noticed Joseph
  8945 | D:5      | Reached XP level 9. HP: 74/74 MP: 14/14
  9134 | D:5      | Reached skill level 8 in Invocations
  9134 | D:5      | Reached skill level 1 in Evocations
  9815 | D:7      | Reached skill level 5 in Armour
  9981 | D:7      | Found a burning altar of Makhleb.
 10128 | D:8      | Reached *** piety under Beogh
 10128 | D:8      | Reached skill level 9 in Invocations
 10195 | D:8      | Noticed Gastronok
 10450 | D:8      | Noticed Harold
 10850 | D:7      | Killed Joseph
 10850 | D:7      | Reached skill level 10 in Invocations
 10850 | D:7      | Reached XP level 10. HP: 83/83 MP: 17/17
 11256 | D:8      | Killed Harold
 12053 | D:8      | Reached skill level 11 in Invocations
 12316 | D:9      | Noticed a two-headed ogre
 12330 | D:9      | Noticed a death yak
 12429 | D:9      | Reached **** piety under Beogh
 12646 | D:7      | Killed a death yak
 12646 | D:7      | Reached skill level 12 in Invocations
 12646 | D:7      | Reached XP level 11. HP: 34/92 MP: 10/20
 13196 | D:9      | Killed a two-headed ogre
 13196 | D:9      | Reached skill level 1 in Shields
 13399 | D:9      | Found a transporter.
 13401 | D:9      | Found a transporter.
 13443 | D:9      | Found a staircase to the Orcish Mines.
 13662 | D:9      | Found a staircase to the Lair.
 13821 | D:10     | Entered Level 10 of the Dungeon
 13841 | D:10     | Got an ichor-stained leather armour
 13852 | D:10     | Identified the +1 leather armour "Owistrips" {Regen+ Str+3}
                  | (You found it on level 10 of the Dungeon)
 14001 | D:10     | Found Houcuafa's Food Shop.
 14604 | D:10     | Found a viscous altar of Jiyva.
 14895 | D:4      | Killed derval's ghost
 14961 | D:8      | Killed Gastronok
 14961 | D:8      | Reached skill level 13 in Invocations
 15022 | Lair:1   | Entered Level 1 of the Lair of Beasts
 15036 | Lair:1   | Found a labyrinth entrance.
 15046 | Lab      | Entered a labyrinth
 15395 | Lab      | Killed an unseen horror
 15638 | Lab      | Identified the ring of Jioqog {+Fly EV+3 Stlth+}
 15638 | Lab      | Noticed a minotaur
 16228 | Lab      | Killed a minotaur
 16228 | Lab      | Reached XP level 12. HP: 104/104 MP: 16/22
 16387 | Lair:1   | Got a translucent rapier
 17452 | Lair:2   | Noticed Sonja
 17481 | Lair:2   | Killed Sonja
 17519 | Lair:2   | Found a frozen archway.
 17530 | Lair:2   | Reached skill level 5 in Evocations
 17555 | IceCv    | Entered an ice cave
 17572 | IceCv    | Reached skill level 14 in Invocations
 17577 | IceCv    | Reached skill level 10 in Fighting
 17755 | IceCv    | Reached ***** piety under Beogh
 18578 | IceCv    | Found an ancient bone altar of Kikubaaqudgha.
 19102 | Lair:2   | Gained Margrim as an ally
 19189 | Lair:2   | Reached XP level 13. HP: 115/115 MP: 23/23
 19369 | Lair:2   | Identified the +4 rapier of Offence {pain, Str+3} (You
                  | found it on level 1 of the Lair of Beasts)
 19832 | Lair:3   | Reached skill level 10 in Armour
 19843 | Lair:3   | Reached skill level 15 in Invocations
 20107 | Lair:3   | Found a staircase to the Snake Pit.
 20220 | Lair:3   | Got a steaming trident
 20221 | Lair:3   | Identified the +3 trident of Yeast {pierce, rF++ rN++ MP+9}
                  | (You found it on level 3 of the Lair of Beasts)
 20432 | Lair:3   | Noticed Fannar
 20443 | Lair:3   | Killed Fannar
 21217 | Lair:4   | Found a staircase to the Swamp.
 21307 | Lair:4   | Reached ****** piety under Beogh
 22219 | Lair:5   | Found a staircase to the Slime Pits.
 22567 | Lair:1   | Gained mutation: You have a pair of small horns on your
                  | head. [potion of mutation]
 22567 | Lair:1   | Gained mutation: You have supernaturally acute eyesight.
                  | (SInv) [potion of mutation]
 22872 | D:11     | Reached skill level 5 in Dodging
 23437 | D:11     | Reached XP level 14. HP: 127/127 MP: 22/25
 23735 | D:11     | Gained Harm as an ally
 24008 | D:12     | Noticed Kirke
 24010 | D:12     | Killed Kirke
 24010 | D:12     | Reached skill level 16 in Invocations
 25401 | D:13     | Gained Morguth as an ally
 25479 | D:13     | Got a twisted chain mail
 25490 | D:13     | Identified the cursed +1 chain mail of Pasiofad {rPois
                  | rCorr} (You found it on level 13 of the Dungeon)
 25908 | D:13     | Found Kostrioma's General Store.
 25911 | D:13     | Bought a potion of curing for 48 gold pieces
 25911 | D:13     | Bought a scroll of teleportation for 48 gold pieces
 26634 | D:14     | Reached skill level 17 in Invocations
 26724 | D:14     | Found a gate to the Vaults.
 26729 | D:14     | Gained Geork as an ally
 26733 | D:14     | Reached XP level 15. HP: 137/137 MP: 27/27
 26935 | D:14     | Gained Orkrul as an ally
 26949 | D:14     | Found a shattered altar of Ashenzari.
 27184 | D:15     | Entered Level 15 of the Dungeon
 27459 | D:15     | Found a radiant altar of Vehumet.
 27746 | D:15     | Found a staircase to the Depths.
 27782 | D:15     | Your ally Morguth died
 28399 | Lair:6   | Entered Level 6 of the Lair of Beasts
 28441 | Lair:6   | Gained Arbolt as an ally
 28447 | Lair:6   | Gained Spirok as an ally
 28739 | Lair:6   | Got a twitching silver ring
 28741 | Lair:6   | Identified the cursed ring of Xusurr {Str-3 Dex+3} (You
                  | found it on level 6 of the Lair of Beasts)
 28863 | Lair:6   | Reached skill level 18 in Invocations
 28883 | Lair:6   | Reached skill level 15 in Axes
 30302 | D:9      | Got a polished war axe
 30311 | D:9      | Identified the +10 war axe of Exquisite Torment {freeze,
                  | Dex+8} (You found it on level 9 of the Dungeon)
 30562 | Orc:1    | Entered Level 1 of the Orcish Mines
 30600 | Orc:1    | Reached XP level 16. HP: 146/146 MP: 29/29
 30610 | Orc:1    | Gained Bogwik as an ally
 30846 | Orc:2    | Entered Level 2 of the Orcish Mines
 30962 | Orc:2    | Found a staircase to the Elven Halls.
 31029 | Orc:2    | Reached skill level 19 in Invocations
 31045 | Orc:2    | Your ally Bogwik died
 31219 | Orc:1    | Found a radiant altar of Vehumet.
 31308 | Orc:2    | Found Yrchoix's Magic Scroll Shop.
 31308 | Orc:2    | Found Ottiesuw's Food Shoppe.
 31310 | Orc:2    | Found Kiloen's Antique Armour Shop.
 31310 | Orc:2    | Found Tudwosergh's Armour Shoppe.
 31368 | Orc:2    | Bought the +7 scale mail of the Skies Above {*Corrode rElec
                  | rPois Dex+4} for 1080 gold pieces
 31378 | Orc:2    | Bought a +2 pair of boots of flying for 387 gold pieces
 31389 | Orc:2    | Bought a pair of glowing gloves for 247 gold pieces
 31401 | Orc:2    | Bought a scroll of enchant armour for 105 gold pieces
 31401 | Orc:2    | Bought a scroll of teleportation for 42 gold pieces
 31401 | Orc:2    | Bought a scroll of teleportation for 42 gold pieces
 31401 | Orc:2    | Bought a scroll of brand weapon for 280 gold pieces
 32083 | Snake:1  | Entered Level 1 of the Snake Pit
 32083 | Snake:1  | Noticed Nikola
 32091 | Snake:1  | Killed Nikola
 32545 | Snake:1  | Gained Beowulf as an ally
 32639 | Snake:1  | Found Xuokhlued's Antique Weapon Boutique.
 32977 | Snake:2  | Gained Warrok as an ally
 32981 | Snake:2  | Gained Grimold as an ally
 33048 | Snake:2  | Identified a scroll of acquirement
 33536 | Snake:2  | Noticed a nagaraja
 33546 | Snake:2  | Killed a nagaraja
 33657 | Snake:2  | Found Pudaetic's Practical Paraphernalia.
 34018 | Snake:3  | Identified the +4 ring mail of Qyigenuw {+Fly} (You found
                  | it on level 3 of the Snake Pit)
 34080 | Snake:3  | Reached skill level 20 in Invocations
 34252 | Snake:3  | Noticed a nagaraja
 34257 | Snake:3  | Killed a nagaraja
 34661 | Snake:3  | Noticed a nagaraja
 34670 | Snake:3  | Killed a nagaraja
 34670 | Snake:3  | Reached skill level 5 in Shields
 35466 | Snake:4  | Entered Level 4 of the Snake Pit
 35466 | Snake:4  | Noticed a nagaraja
 35479 | Snake:4  | Killed a nagaraja
 35479 | Snake:4  | Reached XP level 17. HP: 61/154 MP: 13/31
 35598 | Snake:4  | Reached skill level 15 in Fighting
 35821 | Snake:4  | Gained Morun as an ally
 36034 | Snake:4  | Identified the +1 hunting sling of Prudence {speed, rElec
                  | rF- Int+2}
 36094 | Snake:4  | Found Hipailoa's Antique Weapon Shoppe.
 36094 | Snake:4  | Found Affisuf's Jewellery Emporium.
 36094 | Snake:4  | Found Ibes's General Store.
 36234 | Snake:4  | Noticed Vashnia
 36254 | Snake:4  | Your ally Morun died
 36272 | Snake:4  | Gained Zorug as an ally
 36606 | Snake:4  | Killed Vashnia
 36640 | Snake:4  | Reached skill level 10 in Dodging
 36708 | Snake:4  | Your ally Harm died
 36956 | Snake:4  | Bought a glowing broad axe for 238 gold pieces
 36962 | Snake:4  | Bought an uncursed ring of protection from magic for 550
                  | gold pieces
 38023 | Snake:4  | Reached skill level 21 in Invocations
 38303 | Snake:4  | Gained Brandogh as an ally
 38785 | Snake:4  | Reached XP level 18. HP: 146/166 MP: 27/32
 38806 | Snake:4  | Got a serpentine rune of Zot
 39357 | Snake:4  | Bought a potion of haste for 190 gold pieces
 39697 | Swamp:1  | Entered Level 1 of the Swamp
 40730 | Swamp:2  | Gained Borgk as an ally
 40792 | Swamp:2  | Gained Gorbash as an ally
 40832 | Swamp:2  | Your ally Gorbash died
 41609 | Swamp:3  | Paralysed by a hornet for 3 turns
 42345 | Swamp:4  | Entered Level 4 of the Swamp
 42524 | Swamp:4  | Reached skill level 22 in Invocations
 42952 | Swamp:4  | Got a decaying rune of Zot
 43958 | Vaults:1 | Entered Level 1 of the Vaults
 43967 | Vaults:1 | Reached XP level 19. HP: 174/174 MP: 28/34
 43992 | Vaults:1 | Reached skill level 10 in Shields
 43994 | Vaults:1 | Gained Geork as an ally
 44215 | Vaults:1 | Found Rumn's Weapon Emporium.
 44735 | Vaults:1 | Your ally Geork died
 46402 | Vaults:2 | Reached skill level 23 in Invocations
 46634 | Vaults:2 | Gained Milork as an ally
 46833 | Vaults:2 | Found a staircase to the Crypt.
 47143 | Vaults:3 | Gained Thorok as an ally
 47164 | Vaults:3 | Found Heish's Assorted Antiques.
 47186 | Vaults:3 | Reached XP level 20. HP: 187/187 MP: 14/35
 47961 | Vaults:3 | Gained Orkrul as an ally
 48167 | Vaults:3 | Your ally Brandogh died
 48179 | Vaults:3 | Your ally Orkrul died
 48679 | Vaults:3 | Gained Bogward as an ally
 49005 | Vaults:3 | Gained Morun as an ally
 49499 | Vaults:4 | Found Tycycik's Food Boutique.
 49670 | Vaults:4 | Identified the +11 chain mail of Uwkaqua {rElec rC+} (You
                  | found it on level 4 of the Vaults)
 49926 | Vaults:4 | Gained Milork as an ally
 49931 | Vaults:4 | Your ally Milork died
 50305 | Vaults:4 | Your ally Warrok died
 50309 | Vaults:4 | Noticed Mennas
 50326 | Vaults:4 | Killed Mennas
 50352 | Vaults:4 | Noticed Sojobo
 50353 | Vaults:4 | Reached skill level 15 in Armour
 50362 | Vaults:4 | Killed Sojobo
 50366 | Vaults:4 | Your ally Milork died
 50371 | Vaults:4 | Your ally Arbolt died
 51598 | Depths:1 | Entered Level 1 of the Depths
 51609 | Depths:1 | Noticed a lich
 51611 | Depths:1 | Killed a lich
 51612 | Depths:1 | Found a gateway to a ziggurat.
 51665 | Depths:1 | Found a gateway to Hell.
 51713 | Depths:1 | Reached XP level 21. HP: 193/195 MP: 32/36
 51808 | Depths:1 | Found a shattered altar of Ashenzari.
 52184 | Depths:1 | Reached skill level 24 in Invocations
 52195 | Depths:1 | Got a fine zirconium amulet
 52196 | Depths:1 | Identified the amulet "Idotumus" {rN+ Regen+ Int+4 Stlth-}
                  | (You found it on level 1 of the Depths)
 52482 | Depths:2 | Found Taleicw's Food Emporium.
 52942 | Depths:2 | Found Azemanod's Changing Room.
 54237 | Depths:3 | Noticed a caustic shrike
 54237 | Depths:3 | Noticed a caustic shrike
 54246 | Depths:3 | Noticed a caustic shrike
 54250 | Depths:3 | Killed a caustic shrike
 54252 | Depths:3 | Your ally Thorok died
 54253 | Depths:3 | Killed a caustic shrike
 54260 | Depths:3 | Killed a caustic shrike
 54320 | Depths:3 | Found a one-way gate leading to the halls of Pandemonium.
 54336 | Depths:3 | Found a sacrificial altar of Ru.
 54336 | Depths:3 | Found a snail-covered altar of Cheibriados.
 54337 | Depths:3 | Found a glowing silver altar of Zin.
 54353 | Depths:3 | Reached skill level 15 in Shields
 55128 | Depths:3 | Gained Ugbert as an ally
 55133 | Depths:3 | Reached XP level 22. HP: 197/206 MP: 31/38
 55200 | Depths:3 | Paralysed by a lich for 3 turns
 55848 | Depths:3 | Noticed a juggernaut
 55860 | Depths:3 | Identified the +4 war axe "Eddoow" {freeze, rPois rN+ Str-2
                  | Int+4}
 55865 | Depths:3 | Killed a juggernaut
 56565 | Vaults:3 | Bought a faintly glowing plate armour for 1232 gold pieces
 56565 | Vaults:3 | Identified the +0 plate armour of Iskaal {+Inv rF+ Dex-5}
                  | (You bought it in a shop on level 3 of the Vaults)
 56884 | Depths:4 | Noticed a caustic shrike
 56888 | Depths:4 | Killed a caustic shrike
 56898 | Depths:4 | Your ally Morun died
 56900 | Depths:4 | Your ally Spirok died
 56905 | Depths:4 | Your ally Zorug died
 57119 | Depths:4 | Found a one-way gate to the infinite horrors of the Abyss.
 57122 | Depths:4 | Noticed a caustic shrike
 57124 | Depths:4 | Noticed a caustic shrike
 57125 | Depths:4 | Noticed a caustic shrike
 57125 | Depths:4 | Noticed a caustic shrike
 57126 | Depths:4 | Noticed a caustic shrike
 57130 | Depths:4 | Killed a caustic shrike
 57131 | Depths:4 | Killed a caustic shrike
 57133 | Depths:4 | Killed a caustic shrike
 57134 | Depths:4 | Your ally Orkrul died
 57134 | Depths:4 | Killed a caustic shrike
 57136 | Depths:4 | Killed a caustic shrike
 57383 | Depths:4 | Reached skill level 25 in Invocations
 57438 | Depths:4 | Noticed Frederick
 57445 | Depths:4 | Killed Frederick
 58091 | Depths:4 | Reached XP level 23. HP: 185/216 MP: 31/39
 58524 | Depths:5 | Entered Level 5 of the Depths
 58527 | Depths:5 | Noticed a juggernaut
 58532 | Depths:5 | Killed a juggernaut
 58534 | Depths:5 | Your ally Beowulf died
 58536 | Depths:5 | Gained Bogdar as an ally
 58760 | Depths:5 | Your ally Bogdar died
 59305 | Elf:1    | Entered Level 1 of the Elven Halls
 60000 | Elf:1    | Gained mutation: You are clumsy. (Dex -2) [a shining eye]
 60156 | Elf:1    | Found a runed gate.
 60156 | Elf:1    | Found a runed gate.
 60156 | Elf:1    | Found a runed gate.
 60165 | Elf:1    | Noticed Xautriesk's ghost (adept SpEn)
 60375 | Elf:2    | Found a ruined gateway.
 60433 | Desolati | Entered the Desolation of Salt
 61295 | Desolati | Found the +7 great mace "Undeadhunter" {disrupt, rN+}
 61300 | Desolati | Identified the Disquisition on Black Arts
 61302 | Desolati | Identified the Compendium of Poisoning and the Snowflakes
 61543 | Desolati | Identified Huujymap's Incunabulum of the Rocks
 61548 | Desolati | Identified the +1 chain mail of the Quahog {rPois Dex+2}
                  | (You found it in the Desolation of Salt)
 61555 | Desolati | Identified the Incunabulum of Captivating Evil Arts
 61560 | Desolati | Identified the Disquisition on Air and the Frostbite
 61582 | Desolati | Gained Bogmar as an ally
 61619 | Desolati | Your ally Bogmar died
 61896 | Desolati | Got a translucent gossamer ring
 61897 | Desolati | Identified Vaonaeg's Handbook of Dusty Feathers
 61903 | Desolati | Got a steaming trident
 61936 | Elf:2    | Identified the ring "Micwuj" {rCorr rElec Dex+8} (You found
                  | it in the Desolation of Salt)
 62140 | Elf:2    | Found a portal to a secret trove of treasure.
 62168 | Elf:2    | Reached XP level 24. HP: 226/226 MP: 39/39
 62192 | Elf:2    | Gained Okrist as an ally
 62261 | Elf:2    | Found a runed gate.
 62261 | Elf:2    | Found a runed gate.
 62262 | Elf:2    | Found a runed gate.
 63268 | Elf:3    | Entered Level 3 of the Elven Halls
 63568 | Elf:3    | Identified the amulet of Disaster {+Fly rN+ Regen+ Int+4
                  | Dex+2}
 63764 | Elf:3    | Identified the +7 flail of the Onslaught {antimagic, Dex+2}
 63764 | Elf:3    | Identified the +2 robe "Binukei" {rC- Int+6 Slay+5}
 64222 | Elf:3    | Identified a ring of the Octopus King {rCorr AC+1 EV+1
                  | Str+1 Int+1 Dex+1}
 64411 | Elf:3    | Found the +6 Majin-Bo {vamp, Archmagi MP+6 Int+6}
 64470 | Elf:3    | Identified the Catalogue of Transmigration
 64584 | Elf:3    | Got a brightly glowing copper ring
 64591 | Elf:3    | Identified the amulet "Vais" {Faith rC- Str+4 Stlth+} (You
                  | found it on level 3 of the Elven Halls)
 64633 | Elf:3    | Identified a ring of Baokisa {Wiz rPois} (You found it on
                  | level 3 of the Elven Halls)
 65029 | Orc:2    | Bought a scroll of silence for 105 gold pieces
 65243 | Snake:4  | Bought a potion of heal wounds for 95 gold pieces
 65243 | Snake:4  | Bought a scroll of teleportation for 57 gold pieces
 65537 | D:13     | Bought a scroll of silence for 120 gold pieces
 66085 | Depths:5 | Reached skill level 26 in Invocations
 66545 | Depths:5 | Gained Margrim as an ally
 66575 | Depths:5 | Your ally Margrim died
 66597 | Depths:5 | Gained Rocco as an ally
 66889 | Depths:5 | Found a gate to the Realm of Zot.
 67158 | Depths:2 | Bought a potion of mutation for 96 gold pieces
 67158 | Depths:2 | Bought a potion of mutation for 96 gold pieces
 67158 | Depths:2 | Lost mutation: You have a pair of small horns on your head.
                  | [potion of mutation]
 67158 | Depths:2 | Gained mutation: You tend to lose your temper in combat.
                  | [potion of mutation]
 67158 | Depths:2 | Gained mutation: Your flesh is heat resistant. (rF+)
                  | [potion of mutation]
 67158 | Depths:2 | Gained mutation: You are somewhat resistant to further
                  | mutation. [potion of mutation]
 67159 | Depths:2 | Lost mutation: Your flesh is heat resistant. (rF+) [potion
                  | of mutation]
 67159 | Depths:2 | Lost mutation: You tend to lose your temper in combat.
                  | [potion of mutation]
 67159 | Depths:2 | Lost mutation: You are somewhat resistant to further
                  | mutation. [potion of mutation]
 67159 | Depths:2 | Lost mutation: You are clumsy. (Dex -2) [potion of
                  | mutation]
 67159 | Depths:2 | Gained mutation: You are partially covered in molten
                  | scales. (AC +2) [potion of mutation]
 67159 | Depths:2 | Lost mutation: You have supernaturally acute eyesight.
                  | (SInv) [potion of mutation]
 67159 | Depths:2 | Gained mutation: You are agile. (Dex +2) [potion of
                  | mutation]
 67594 | Crypt:1  | Entered Level 1 of the Crypt
 67654 | Crypt:1  | Paralysed by a vampire knight for 5 turns
 67956 | Crypt:1  | Reached XP level 25. HP: 231/236 MP: 39/40
 68007 | Crypt:1  | Noticed Xtahua
 68010 | Crypt:1  | Noticed Saint Roka
 68011 | Crypt:1  | Killed Xtahua
 70295 | Crypt:3  | Entered Level 3 of the Crypt
 70330 | Crypt:3  | Cast into level 4 of the Abyss (a lich)
 70483 | Abyss:4  | Got an abyssal rune of Zot
 70490 | Abyss:4  | Gained Thorok as an ally
 70547 | Crypt:3  | Escaped the Abyss
 70560 | Crypt:3  | Your ally Thorok died
 70626 | Crypt:3  | Noticed Jory
 70640 | Crypt:3  | Killed Jory
 70644 | Crypt:3  | Noticed Mara
 70766 | Crypt:3  | Found a magical portal.
 70781 | WizLab   | Entered Zonguldrok's Shrine
 70851 | WizLab   | Gained Boruk as an ally
 70851 | WizLab   | Gained Korbok as an ally
 70851 | WizLab   | Gained Norbak as an ally
 71017 | WizLab   | Noticed an antique lich
 71026 | WizLab   | Killed an antique lich
 71037 | WizLab   | Found the +9 sword of Zonguldrok {reap}
 71243 | Crypt:3  | Gained Warrok as an ally
 71246 | Crypt:3  | Your ally Korbok died
 71335 | Crypt:3  | Reached XP level 26. HP: 247/247 MP: 39/40
 71346 | Crypt:3  | Your ally Norbak died
 71371 | Crypt:3  | Your ally Boruk died
 71373 | Crypt:3  | Noticed Charly's illusion
 71375 | Crypt:3  | Killed Mara
 71386 | Crypt:3  | Your ally Warrok died
 71586 | Crypt:3  | Found a basalt altar of Yredelemnul.
 71626 | Crypt:3  | Reached skill level 27 in Invocations
 71709 | Crypt:3  | Got a spiked shield
 71710 | Crypt:3  | Identified the cursed +0 shield of the Prince of Darkness
                  | {Str+3} (You found it on level 3 of the Crypt)
 72016 | Crypt:3  | Gained Olfik as an ally
 72296 | Crypt:3  | Found a staircase to the Tomb.
 73114 | Vaults:3 | Bought a potion of resistance for 440 gold pieces
 73114 | Vaults:3 | Bought a scroll of fear for 154 gold pieces
 73114 | Vaults:3 | Bought a scroll of enchant armour for 330 gold pieces
 73114 | Vaults:3 | Bought a potion of ambrosia for 352 gold pieces
 73782 | Slime:1  | Entered Level 1 of the Pits of Slime
 73927 | Slime:1  | Gained Warbeogh as an ally
 74007 | Slime:3  | Paralysed by a great orb of eyes for 4 turns
 74323 | Slime:5  | Entered Level 5 of the Pits of Slime
 74384 | Slime:5  | Gained mutation: You are dopey. (Int -2) [a shining eye]
 74552 | Slime:5  | Gained mutation: Armour fits poorly on your strangely
                  | shaped body. [a shining eye]
 74555 | Slime:5  | Gained mutation: Scrolls take you a little longer to read.
                  | [a shining eye]
 74558 | Slime:5  | Gained mutation: You do not regenerate when monsters are
                  | visible. [a shining eye]
 74563 | Slime:5  | Gained Ognian as an ally
 74852 | Lair:1   | Lost mutation: You are agile. (Dex +2) [potion of mutation]
 74852 | Lair:1   | Lost mutation: Armour fits poorly on your strangely shaped
                  | body. [potion of mutation]
 74852 | Lair:1   | Gained mutation: You have large cloven feet. [potion of
                  | mutation]
 74852 | Lair:1   | Gained mutation: Your system is resistant to poisons.
                  | (rPois) [potion of mutation]
 74852 | Lair:1   | Gained mutation: You have sharp fingernails. [potion of
                  | mutation]
 74853 | Lair:1   | Lost mutation: Your system is resistant to poisons. (rPois)
                  | [potion of mutation]
 74853 | Lair:1   | Lost mutation: You are dopey. (Int -2) [potion of mutation]
 74853 | Lair:1   | Lost mutation: You have large cloven feet. [potion of
                  | mutation]
 74853 | Lair:1   | Gained mutation: You tend to lose your temper in combat.
                  | [potion of mutation]
 74853 | Lair:1   | Gained mutation: You are partially covered in yellow
                  | scales. (AC +2) [potion of mutation]
 74854 | Lair:1   | Lost mutation: You tend to lose your temper in combat.
                  | [potion of mutation]
 74854 | Lair:1   | Lost mutation: You are partially covered in molten scales.
                  | (AC +2) [potion of mutation]
 74854 | Lair:1   | Lost mutation: Scrolls take you a little longer to read.
                  | [potion of mutation]
 74854 | Lair:1   | Gained mutation: You possess an exceptional clarity of
                  | mind. [potion of mutation]
 74854 | Lair:1   | Gained mutation: Your mind is acute. (Int +2) [potion of
                  | mutation]
 74854 | Lair:1   | Gained mutation: You are somewhat resistant to further
                  | mutation. [potion of mutation]
 75023 | Slime:5  | Found a viscous altar of Jiyva.
 75052 | Slime:5  | Noticed the Royal Jelly
 75064 | Slime:5  | Killed the Royal Jelly
 75179 | Slime:5  | Identified the +3 ring mail of Fun and Games {Dex+5} (You
                  | found it on level 5 of the Pits of Slime)
 75199 | Slime:5  | Identified Fisufec's Papyrus of Blistering Weightlessness
 75228 | Slime:5  | Got a slimy rune of Zot
 75261 | Slime:5  | Got a pitted ruby amulet
 75475 | Lair:1   | Identified a +0 pair of boots of running (You found it on
                  | level 5 of the Pits of Slime)
 75514 | Lair:1   | Identified the amulet "Ugiuruh" {Acrobat Int+4} (You found
                  | it on level 5 of the Pits of Slime)
 75780 | Vaults:5 | Entered Level 5 of the Vaults
 75792 | Vaults:5 | Reached XP level 27. HP: 229/258 MP: 33/40
 75827 | Vaults:5 | Gained Beowulf as an ally
 75844 | Vaults:5 | Your ally Beowulf died
 75849 | Vaults:5 | Was placed under penance by Beogh
 76140 | Vaults:5 | Was forgiven by Beogh
 76628 | Vaults:5 | Gained Geork as an ally
 76675 | Vaults:5 | Gained Spirok as an ally
 76680 | Vaults:5 | Identified the +10 shortbow of Amydu {freeze, rF+ SInv}
 76689 | Vaults:5 | Identified the +3 morningstar "Qaogh" {freeze, rElec MR+
                  | Int+6 Dex-2}
 76690 | Vaults:5 | Your ally Spirok died
 76695 | Vaults:5 | Reached skill level 15 in Dodging
 76714 | Vaults:5 | Identified the cursed +0 scimitar of Pestilence {distort,
                  | +Blink +Inv rF+ Str-2}
 76987 | Vaults:5 | Gained Orkwin as an ally
 77073 | Vaults:5 | Gained Horkud as an ally
 77080 | Vaults:5 | Gained Rocco as an ally
 77099 | Vaults:5 | Your ally Orkwin died
 77255 | Vaults:5 | Got a slimy copper amulet
 77257 | Vaults:5 | Got a slimy garnet amulet
 77294 | Vaults:5 | Got a bound bone ring
 77296 | Vaults:5 | Got a transparent ivory ring
 77298 | Vaults:5 | Got a glittering brass amulet
 77301 | Vaults:5 | Identified the Grimoire of Talismans and Combat Magic
 77501 | Vaults:5 | Got a silver rune of Zot
 77672 | Vaults:5 | Found the +6 lightning scales {run, rElec}
 77775 | Vaults:5 | Upgraded the game from 0.23-a0-402-g64599a1 to
                  | 0.23-a0-404-g0063841
 77792 | Vaults:5 | Identified the amulet of Ohised {Spirit Str+3} (You found
                  | it on level 5 of the Vaults)
 77793 | Vaults:5 | Identified the amulet of Zeroto {Harm *Drain +Blink rF+ rN+
                  | MR-} (You found it on level 5 of the Vaults)
 77794 | Vaults:5 | Identified the ring of Attitude {rC+ Str+5 Slay+1} (You
                  | found it on level 5 of the Vaults)
 77795 | Vaults:5 | Identified a ring "Doitus" {Wiz +Inv MR+ Stlth-} (You found
                  | it on level 5 of the Vaults)
 77796 | Vaults:5 | Identified the amulet "Neulibi" {+Rage +Fly} (You found it
                  | on level 5 of the Vaults)
 78818 | Zot:1    | Entered Level 1 of the Realm of Zot
 78892 | Zot:1    | Noticed an orb of fire
 78895 | Zot:1    | Your ally Olfik died
 78902 | Zot:1    | Gained mutation: Armour fits poorly on your strangely
                  | shaped body. [an orb of fire]
 78908 | Zot:1    | Killed an orb of fire
 78919 | Zot:1    | Gained Worak as an ally
 79164 | Zot:1    | Your ally Horkud died
 79574 | Zot:1    | Noticed an orb of fire
 79583 | Zot:1    | Killed an orb of fire
 79583 | Zot:1    | Your ally Rocco died
 80557 | Zot:2    | Lost mutation: You do not regenerate when monsters are
                  | visible. [potion of mutation]
 80557 | Zot:2    | Gained mutation: You are covered in fur. (AC +1) [potion of
                  | mutation]
 80558 | Zot:2    | Lost mutation: Armour fits poorly on your strangely shaped
                  | body. [potion of mutation]
 80558 | Zot:2    | Lost mutation: You possess an exceptional clarity of mind.
                  | [potion of mutation]
 80558 | Zot:2    | Lost mutation: You are somewhat resistant to further
                  | mutation. [potion of mutation]
 80558 | Zot:2    | Gained mutation: You have a somewhat thin skeletal
                  | structure. (Dex +2, Stealth) [potion of mutation]
 80558 | Zot:2    | Lost mutation: You are partially covered in yellow scales.
                  | (AC +2) [potion of mutation]
 80558 | Zot:2    | Gained mutation: You have supernaturally acute eyesight.
                  | (SInv) [potion of mutation]
 81255 | Zot:3    | Got a crude bone amulet
 82095 | Zot:3    | Your ally Rocco died
 82114 | Zot:3    | Your ally Ognian died
 83199 | Zot:4    | Identified the amulet of Momianki {+Rage +Inv rC+++} (You
                  | found it on level 3 of the Realm of Zot)
 83633 | Zot:4    | Identified the +4 dragonskin cloak
 83633 | Zot:4    | Noticed Tiamat
 83646 | Zot:4    | Your ally Borgk died
 83647 | Zot:4    | Killed Tiamat
 83648 | Zot:4    | Your ally Warbeogh died
 84030 | Zot:5    | Entered Level 5 of the Realm of Zot
 84316 | Zot:5    | Noticed an ancient lich
 84317 | Zot:5    | Noticed an orb of fire
 84324 | Zot:5    | Killed an ancient lich
 84328 | Zot:5    | Gained mutation: Your magical capacity is low. (-10% MP)
                  | [an orb of fire]
 84329 | Zot:5    | Killed an orb of fire
 84428 | Zot:5    | Noticed an ancient lich
 84445 | Zot:5    | Killed an ancient lich
 84572 | Zot:5    | Noticed an ancient lich
 84584 | Zot:5    | Killed an ancient lich
 84969 | Zot:5    | Noticed an ancient lich
 84982 | Zot:5    | Killed an ancient lich
 85516 | Zot:5    | Noticed an ancient lich
 85523 | Zot:5    | Killed an ancient lich
 85852 | Zot:5    | Noticed an ancient lich
 85855 | Zot:5    | Killed an ancient lich
 86565 | Zot:5    | Noticed an orb of fire
 86565 | Zot:5    | Gained mutation: You tend to lose your temper in combat.
                  | [an orb of fire]
 86568 | Zot:5    | Killed an orb of fire
 87101 | Zot:5    | Noticed an orb of fire
 87105 | Zot:5    | Gained mutation: Your body sometimes deteriorates upon
                  | taking damage. [an orb of fire]
 87111 | Zot:5    | Lost mutation: You have supernaturally acute eyesight.
                  | (SInv) [an orb of fire]
 87116 | Zot:5    | Killed an orb of fire
 87192 | Zot:5    | Noticed an orb of fire
 87193 | Zot:5    | Gained mutation: You are frail. (-10% HP) [an orb of fire]
 87195 | Zot:5    | Killed an orb of fire
 87203 | Zot:5    | Lost mutation: Your magical capacity is low. (-10% MP)
                  | [potion of mutation]
 87203 | Zot:5    | Lost mutation: Your body sometimes deteriorates upon taking
                  | damage. [potion of mutation]
 87203 | Zot:5    | Lost mutation: You are frail. (-10% HP) [potion of
                  | mutation]
 87203 | Zot:5    | Lost mutation: Your mind is acute. (Int +2) [potion of
                  | mutation]
 87203 | Zot:5    | Gained mutation: You can translocate small distances at
                  | will. [potion of mutation]
 87203 | Zot:5    | Gained mutation: You passively map a small area around you.
                  | [potion of mutation]
 87279 | Zot:5    | Noticed an orb of fire
 87281 | Zot:5    | Gained mutation: You often lose your temper in combat. [an
                  | orb of fire]
 87282 | Zot:5    | Killed an orb of fire
 88375 | Zot:5    | Lost mutation: You are covered in fur. (AC +1) [potion of
                  | mutation]
 88375 | Zot:5    | Lost mutation: You have sharp fingernails. [potion of
                  | mutation]
 88375 | Zot:5    | Lost mutation: You often lose your temper in combat.
                  | [potion of mutation]
 88375 | Zot:5    | Lost mutation: You passively map a small area around you.
                  | [potion of mutation]
 88375 | Zot:5    | Lost mutation: You tend to lose your temper in combat.
                  | [potion of mutation]
 88375 | Zot:5    | Gained mutation: You are partially covered in thin metallic
                  | scales. (AC +2) [potion of mutation]
 88378 | Zot:5    | Got the Orb of Zot
 88752 | D:8      | Noticed Hiem the pandemonium lord
 88928 | D:$      | Escaped with the Orb!

Vault maps used:
D:1:      lightli_arrival_statue_moat, chequers_hall_statues_y
D:2:      okawaru_trees_1
D:3:      first_ration
D:4:      ebering_ghost_inner_flame, chequers_serial_rivers_room_a,
          chequers_big_river
D:5:      minmay_temple_entry_glassed_door, grunt_ministairs_12,
          lightli_minifort
D:6:      nicolae_overflow_hidden_temple, uniq_grinder
D:7:      serial_shops, nicolae_shop_waterfront, makhleb_heckhound_becter,
          uniq_duvessa, uniq_joseph
D:8:      serial_glass, glass_columns_a, glass_columns_c, item_on_display_a,
          item_on_display_a, uniq_gastronok, uniq_harold
D:9:      gammafunk_jiyva_shrine, lair_entry_dummy, zombieorc2_lemuel,
          serial_ice, serial_ice_h, serial_ice_f, serial_ice_m, serial_ice_k,
          serial_ice_d, serial_ice_b
D:10:     serial_shops, nicolae_shop_waterfront, hangedman_little_slice_of_home
D:11:     cheibrodos_ideogram_h, minmay_fountain_box
D:12:     minmay_joined_circles, uniq_kirke
D:13:     minmay_the_grid_octo_tiled_squarecenter, serial_shops,
          nicolae_shop_behind_doors
D:14:     lightli_vaults_fourway_checkpoint, lemuel_coloured_pillars_altar,
          st_stairs_9
D:15:     gammafunk_enter_depths_forms, basic_altar
Lair:1:   lab_entry_generic, grunt_forest_small_clearing_treed,
          grunt_megastairs_2, lemuel_fruit_tree, serial_bayou_shore_a,
          minmay_lair_oklob_chamber, infiniplex_staircase_pool_2
Lair:2:   portal_ice_cave_rime, uniq_sonja
Lair:3:   guppyfry_snake_entry_island, lemuel_fruit_fields, uniq_fannar
Lair:4:   swamp_mist_pool
Lair:5:   slime_dummy
Lair:6:   grunt_lair_end_beastmaster
Swamp:1:  nicolae_swamp_dense_foliage, swamp_pool3
Swamp:2:  hangedman_swamp_pad, nicolae_swamp_little_tower,
          infiniplex_staircase_pool
Swamp:3:  nicolae_swamp_very_dense_foliage
Swamp:4:  swamp_alternative
Snake:1:  serial_shops, nicolae_shop_behind_doors, uniq_nikola
Snake:2:  nicolae_alphabet_shops, nicolae_snake_linked_coils,
          nicolae_snake_squiggles
Snake:3:  basic_loot_grate_trap, nicolae_snake_springs
Snake:4:  snake_pit, minmay_shop_star, uniq_vashnia
Slime:1:  cheibrodos_slime_lost_civilization_5
Orc:1:    basic_altar
Orc:2:    grunt_orc_tribal_feast, special_room
Elf:1:    eino_elf_arrival_customs, ebering_ghost_rock_garden,
          nicolae_elf_m_pinch
Elf:2:    nicolae_trove_entry_free_sample, portal_desolation_entry_nicolae_slug
Elf:3:    grunt_elf_hall_spiral
Vaults:1: vaults_mumra_minichess, ontoclasm_vaults_fault, v_misc_31,
          ontoclasm_vaults_hangar, ontoclasm_vaults_spin, v_pattern_4,
          nicolae_vaults_twisting_passages, nicolae_vaults_ring_of_whatevers,
          hangedman_vaults_variations, vaults_room_large_hall,
          nicolae_vaults_statue_guard, serial_shops, shop_statue
Vaults:2: vaults_room_door_ring, nicolae_vaults_inception_corners,
          blue_anna_dwarven_crypt, vaults_room_boxed,
          hangedman_vaults_river_flow, vaults_dpeg_diagonal, v_pattern_2
Vaults:3: hangedman_vaults_stitches, sword_in_stone, ontoclasm_vaults_bender,
          v_pattern_1, v_rooms_1, vaults_mumra_chevron_long,
          vaults_room_semicircle, nicolae_vaults_specimen_jars,
          nicolae_vaults_three_branches, v_misc_10, nicolae_vaults_alarming,
          ontoclasm_vaults_twist, vaults_room_octagon,
          nicolae_vaults_little_squares_1, nicolae_vaults_circle_grid_b,
          serial_shops, shop
Vaults:4: nicolae_vaults_puzzle_piece, st_hourglassy, grunt_vaults_trifunnel,
          nicolae_vaults_network_square, nicolae_vaults_mini_display_case,
          v_misc_18, hangedman_vaults_snaps, ontoclasm_vaults_ring_small,
          nicolae_vaults_little_squares_6, serial_shops, shop, uniq_sojobo,
          uniq_mennas
Crypt:1:  uniq_xtahua, uniq_saint_roka
Crypt:2:  grunt_megastairs_1
Crypt:3:  church_of_pain_bobbens, nicolae_tomb_entry_unfolded_pyramid_diagonal,
          infiniplex_enter_wizlab_glasses, serial_glass, glass_columns_a,
          glass_columns_a, uniq_jory, uniq_mara
Depths:1: enter_ziggurat_d, nicolae_ashenzari_panopticon, hell_entry,
          hangedman_cracks_in_the_wall
Depths:2: wad_mega_maze, grunt_decor_arrowhead, serial_shops, shop,
          pf_coc_iceberg, glass_columns_b, minmay_tree_intersection,
          hangedman_decor_opposing, spider_trap, chequers_serial_rivers_large_b,
          nicolae_transmutations_shop
Depths:3: hangedman_slaughterboxes, pan_entry, serial_shops, hell_entry
Depths:4: nooodl_heptagram, abyss_entry, hangedman_tar_grid_catacomb,
          uniq_frederick
Depths:5: grunt_zot_entry_gee_three, hell_entry, abyss_entry_small_statue_room,
          pan_entry, corexii_hall_statues_t
Zot:3:    st_single_dragon_hoard_3
Zot:4:    uniq_tiamat
Abyss:4:  hangedman_grunt_abyss_rune_horror_hoard
Lab:      labyrinth_spiral, nicolae_lab_checkerboard, nicolae_lab_dead_end,
          nicolae_lab_blocks, nicolae_lab_x, nicolae_lab_grate_2,
          labyrinth_skeletal_remains, nicolae_lab_grate
IceCv:    ice_cave_small_necro
WizLab:   wizlab_zonguldrok

Skill      XL: |  1  2  3  4  5  6  7  8  9 10 11 12 13 14 15 16 17 18 19 20 21 22 23 24 25 26 27 |
---------------+----------------------------------------------------------------------------------+-----
Axes           | 5 6 7 8 9 10 12 13 14 15 16 17 18 | 18.0
Fighting       | 4 5 6 7 9 10 12 13 14 15 16 17 18 19 20 21 22 23 26 | 26.5
Invocations    | 2 4 6 7 10 12 13 14 15 17 18 20 21 22 23 24 25 26 27 | 27.0
Armour         | 1 2 3 4 5 6 7 9 11 12 13 14 15 16 17 18 19 20 23 | 23.6
Evocations     | 3 4 6 |  6.0
Shields        | 4 5 7 9 11 13 15 16 18 19 20 21 24 | 24.4
Dodging        | 3 5 7 9 10 11 12 13 14 17 | 17.7
Stealth        | |  1.5

Action                   |  1- 3 |  4- 6 |  7- 9 | 10-12 | 13-15 | 16-18 | 19-21 | 22-24 | 25-27 || total
-------------------------+-------+-------+-------+-------+-------+-------+-------+-------+-------++-------
Melee: Hand axe          |   138 |   199 |   337 |   678 |   636 |       |       |       |       ||  1988
       Broad axe         |       |       |       |    21 |     8 |   705 |  1204 |  1398 |  2515 ||  5851
       Headbutt          |       |       |       |       |   203 |   428 |   443 |   466 |       ||  1540
       Battleaxe         |       |       |       |       |   219 |       |       |       |       ||   219
       War axe           |       |       |       |       |     2 |   430 |       |       |       ||   432
 Fire: Hand crossbow     |       |       |    32 |   116 |    78 |       |       |       |       ||   226
       Blowgun           |       |       |       |     8 |       |       |       |       |       ||     8
Throw: Stone             |    70 |   122 |    71 |       |       |       |       |       |       ||   263
       Throwing net      |       |     6 |       |     3 |       |       |       |       |       ||     9
       Javelin           |       |       |       |       |       |    47 |       |       |       ||    47
Invok: Convert to Beogh  |       |     1 |       |       |       |       |       |       |       ||     1
       Smiting           |       |     1 |     1 |     1 |     1 |    12 |    55 |    45 |    74 ||   190
       Recall Orcish Fol |       |       |       |     9 |    22 |    11 |    11 |    16 |    16 ||    85
       Give Item to Name |       |       |       |       |     2 |     8 |     5 |     6 |     8 ||    29
       Stop Recall       |       |       |       |       |     1 |       |       |     3 |     1 ||     5
       Resurrection      |       |       |       |       |       |       |       |       |     2 ||     2
 Abil: Evoke Flight      |       |       |       |     1 |     1 |       |       |       |       ||     2
       Stop Flying       |       |       |       |       |       |       |     1 |       |       ||     1
Evoke: Wand              |       |       |     5 |    47 |    31 |   107 |    18 |    13 |    34 ||   255
       Lightning rod     |       |       |       |       |       |     5 |     3 |       |       ||     8
       Lamp of fire      |       |       |       |       |       |     1 |     2 |       |       ||     3
       Phantom mirror    |       |       |       |       |       |       |       |     1 |       ||     1
  Use: Scroll            |       |     6 |     7 |    12 |    17 |    26 |     6 |    17 |    29 ||   120
       Potion            |       |       |       |     3 |     3 |    11 |     3 |     3 |    23 ||    46
 Stab: Sleeping          |     2 |       |     1 |     2 |     7 |     8 |       |       |       ||    20
       Held in net/web   |       |     4 |       |     6 |       |       |       |       |       ||    10
       Paralysed         |       |       |     7 |    45 |    21 |    21 |     8 |       |     2 ||   104
       Invisible         |       |       |       |     1 |       |    13 |       |       |       ||    14
       Distracted        |       |       |       |     2 |    12 |    21 |    27 |    14 |    34 ||   110
       Petrified         |       |       |       |       |     2 |       |     1 |       |       ||     3
       Confused          |       |       |       |       |       |       |     3 |       |       ||     3
  Eat: Chunk             |     4 |     7 |     6 |    14 |    33 |    24 |    28 |    26 |    17 ||   159
       Ration            |       |     2 |     2 |     5 |     2 |     7 |     2 |     6 |    18 ||    44
Armor: Robe              |    13 |     4 |       |       |       |       |       |       |       ||    17
       Ring mail         |       |    18 |    45 |       |       |       |       |       |       ||    63
       Scale mail        |       |       |    55 |   110 |   190 |   295 |       |       |       ||   650
       Plate armour      |       |       |       |    74 |     6 |       |       |       |       ||    80
       Fire dragon scale |       |       |       |       |       |     1 |   111 |       |   237 ||   349
       Chain mail        |       |       |       |       |       |       |   187 |   365 |   434 ||   986
Dodge: Dodged            |    65 |   101 |   165 |   227 |   435 |   701 |   404 |   462 |  1026 ||  3586
Block: Buckler           |       |       |       |    54 |   105 |    56 |       |       |       ||   215
       Shield            |       |       |       |       |       |   534 |   209 |       |       ||   743
       Large shield      |       |       |       |       |       |       |   497 |  1239 |  2468 ||  4204

Table legend:
 A = Non-vault XP
 B = Vault XP
 C = Vault XP percentage of total XP
 D = Non-vault monster count
 E = Vault monster count
 F = Vault count percentage of total count
                 A         B        C        D         E       F
            +---------+---------+-------+---------+---------+-------
      Total |  918942 |  948815 |  50.8 |    1735 |    1105 |  38.9
            +---------+---------+-------+---------+---------+-------
        D:1 |      52 |       0 |   0.0 |      28 |       0 |   0.0
        D:2 |     160 |       0 |   0.0 |      34 |       0 |   0.0
        D:3 |     209 |       0 |   0.0 |      15 |       0 |   0.0
        D:4 |     267 |     191 |  41.7 |       7 |       3 |  30.0
        D:5 |     804 |     180 |  18.3 |      27 |       6 |  18.2
        D:6 |     357 |     267 |  42.8 |      14 |       1 |   6.7
        D:7 |    1488 |    1585 |  51.6 |      19 |       5 |  20.8
        D:8 |    1654 |    3457 |  67.6 |      22 |       3 |  12.0
        D:9 |    3428 |    1517 |  30.7 |      32 |      46 |  59.0
       D:10 |    1751 |     166 |   8.7 |      15 |       8 |  34.8
       D:11 |    5672 |    3072 |  35.1 |      38 |      24 |  38.7
       D:12 |    6123 |    3967 |  39.3 |      37 |      14 |  27.5
       D:13 |    1832 |   11167 |  85.9 |       9 |      35 |  79.5
       D:14 |    8578 |    5702 |  39.9 |      29 |      14 |  32.6
       D:15 |    7567 |    3904 |  34.0 |      25 |       9 |  26.5
     Lair:1 |    1709 |     896 |  34.4 |      10 |       3 |  23.1
     Lair:2 |    4084 |    1516 |  27.1 |      22 |       3 |  12.0
     Lair:3 |    5090 |     870 |  14.6 |      23 |       3 |  11.5
     Lair:4 |    2901 |       0 |   0.0 |      16 |       0 |   0.0
     Lair:5 |    3136 |       0 |   0.0 |      15 |       0 |   0.0
     Lair:6 |   16951 |    6742 |  28.5 |      64 |      15 |  19.0
    Swamp:1 |   12141 |       0 |   0.0 |      28 |       0 |   0.0
    Swamp:2 |   21307 |       0 |   0.0 |      43 |       0 |   0.0
    Swamp:3 |    8521 |       0 |   0.0 |      21 |       0 |   0.0
    Swamp:4 |   10162 |   17661 |  63.5 |      26 |      29 |  52.7
    Snake:1 |    7918 |    3106 |  28.2 |      24 |       1 |   4.0
    Snake:2 |   18079 |       0 |   0.0 |      42 |       0 |   0.0
    Snake:3 |   12659 |    3758 |  22.9 |      26 |      17 |  39.5
    Snake:4 |   29459 |   35123 |  54.4 |      70 |      52 |  42.6
    Slime:1 |    9699 |       0 |   0.0 |      19 |       0 |   0.0
    Slime:2 |    4722 |       0 |   0.0 |      13 |       0 |   0.0
    Slime:3 |   11539 |       0 |   0.0 |      20 |       0 |   0.0
    Slime:4 |   17711 |    2429 |  12.1 |      22 |       1 |   4.3
    Slime:5 |   16678 |   25327 |  60.3 |      32 |      11 |  25.6
      Orc:1 |    1343 |       0 |   0.0 |      12 |       0 |   0.0
      Orc:2 |    2349 |    2606 |  52.6 |      21 |       8 |  27.6
      Elf:1 |   12654 |    2161 |  14.6 |      22 |       5 |  18.5
      Elf:2 |   22857 |   20182 |  46.9 |      39 |      30 |  43.5
      Elf:3 |   12050 |   41876 |  77.7 |      19 |      28 |  59.6
   Vaults:1 |   23443 |   21312 |  47.6 |      34 |      37 |  52.1
   Vaults:2 |   12613 |   14464 |  53.4 |      32 |      32 |  50.0
   Vaults:3 |   24136 |   20778 |  46.3 |      56 |      30 |  34.9
   Vaults:4 |   17747 |   29753 |  62.6 |      46 |      27 |  37.0
   Vaults:5 |   23937 |  130644 |  84.5 |      31 |     101 |  76.5
    Crypt:1 |   21876 |    5411 |  19.8 |      40 |       3 |   7.0
    Crypt:2 |   46377 |    8274 |  15.1 |      56 |       7 |  11.1
    Crypt:3 |   24359 |   54542 |  69.1 |      30 |      88 |  74.6
   Depths:1 |   19357 |    9758 |  33.5 |      47 |      14 |  23.0
   Depths:2 |   19754 |    2278 |  10.3 |      41 |       5 |  10.9
   Depths:3 |     274 |  100362 |  99.7 |       1 |      86 |  98.9
   Depths:4 |   38513 |   51745 |  57.3 |      57 |      49 |  46.2
   Depths:5 |   48291 |   27868 |  36.6 |      53 |      18 |  25.4
      Zot:1 |   78339 |       0 |   0.0 |      45 |       0 |   0.0
      Zot:2 |   12408 |       0 |   0.0 |      11 |       0 |   0.0
      Zot:3 |   50746 |    4369 |   7.9 |      34 |       1 |   2.9
      Zot:4 |   53808 |   15498 |  22.4 |      36 |      11 |  23.4
      Zot:5 |   75890 |  172069 |  69.4 |      44 |      42 |  48.8
    Abyss:4 |    9707 |   13832 |  58.8 |      15 |      18 |  54.5
        Lab |       0 |    3019 | 100.0 |       0 |       6 | 100.0
      IceCv |       0 |    6670 | 100.0 |       0 |      54 | 100.0
     WizLab |   11706 |    5459 |  31.8 |      26 |       5 |  16.1
 Desolation |       0 |   51282 | 100.0 |       0 |      97 | 100.0
            +---------+---------+-------+---------+---------+-------
